 Dungeon Crawl Stone Soup version 0.30-b1-2-g02819fbbbe (webtiles) character file.

Game seed: 11345156388806499185

167208 raph the Earth Mage (level 17, -12/99 HPs)
             Began as a Deep Elf Earth Elementalist on Aug 28, 2023.
             Was an Initiate of Gozag.
             Mangled by a salamander
             ... wielding a +1 halberd
              (15 damage)
             ... on level 2 of the Snake Pit.
             The game lasted 01:19:40 (40886 turns).

raph the Earth Mage (Deep Elf Earth Elementalist)  Turns: 40886, Time: 01:19:41

Health: -12/99     AC: 16    Str:  8    XL:     17   Next: 6%
Magic:  22/45      EV: 15    Int: 35    God:    Gozag
Gold:   7013       SH: 14    Dex: 15    Spells: 1/43 levels left

rFire   . . .        a - +4 dagger "Lopis" {vamp, *Corrode rPois MP+9}
rCold   . . .        G - +3 buckler "Ibem" {rPois SInv}
rNeg    . . .        P - +5 robe "Plog" {rElec Will++ Slay-5 Archmagi}
rPois   +            m - +2 helmet
rElec   +            s - +1 cloak
rCorr   +            d - +0 pair of gloves {Str+3}
SInv    +            c - +2 pair of boots
Will    +++..        b - amulet "Arepap" {Reflect +Inv SH+5 Stlth+}
Stlth   ++++++       f - ring of resist corrosion
HPRegen 0.36/turn    F - +6 ring of intelligence
MPRegen 0.29/turn

%: corrode self (3%), reflection, archmagi
@: death channelling, gold aura, constricted
A: no striking features
}: 1/15 runes: decaying
a: Renounce Religion, Evoke Invisibility, Potion Petition, Call Merchant, Bribe
Branch


You were on level 2 of the Snake Pit.
You worshipped Gozag.
Gozag was greatly pleased with you.
You visited 5 branches of the dungeon, and saw 28 of its levels.
You also visited: Ossuary.

You collected 10808 gold pieces.
You spent 3371 gold pieces at shops.
You paid 424 gold pieces to Gozag.

Inventory:

Hand Weapons
 a - the +4 dagger "Lopis" (weapon) {vamp, *Corrode rPois MP+9}
   (You found it on level 7 of the Dungeon)

   rPois:     It protects you from poison.
   MP:        It affects your magic capacity (+9).
   *Corrode:  It may corrode you when you take damage.
 J - a +4 dagger
Armour
 c - a +2 pair of boots (worn)
 d - a +0 pair of gloves of strength (worn)
 m - a +2 helmet (worn)
 s - a +1 cloak (worn)
 G - the +3 buckler "Ibem" (worn) {rPois SInv}
   (You acquired it on level 7 of the Dungeon)

   rPois:     It protects you from poison.
   SInv:      It lets you see invisible.
 P - the +5 robe "Plog" (worn) {rElec Will++ Slay-5 Archmagi}
   (You found it on level 3 of the Lair of Beasts)

   Slay:      It affects your accuracy & damage with ranged weapons and melee
   (-5).
   rElec:     It insulates you from electricity.
   Archmagi:  It increases the power of your magical spells.
   Will:      It greatly increases your willpower.
Jewellery
 b - the amulet "Arepap" (around neck) {Reflect +Inv SH+5 Stlth+}
   (You bought it in a shop on level 10 of the Dungeon)

   [amulet of reflection]

   It reflects blocked missile attacks.
   +Inv:      It lets you turn invisible.
   SH:        It affects your SH (+5).
   Stlth:     It makes you more stealthy.
 f - a ring of resist corrosion (left hand)
 o - a ring of protection from cold
 F - a +6 ring of intelligence (right hand)
 N - a ring of magical power
 V - a ring of protection from fire
 X - a ring of wizardry
 Z - a +5 ring of evasion
Wands
 q - a wand of flame (60)
 w - a wand of charming (45)
 y - a wand of mindburst (3)
 K - a wand of iceblast (13)
 O - a wand of polymorph (6)
 Q - a wand of light (25)
 S - a wand of digging (10)
Scrolls
 h - 4 scrolls of amnesia
 j - 5 scrolls of blinking
 n - 2 scrolls of poison
 r - 5 scrolls of immolation
 t - 15 scrolls of teleportation
 u - 2 scrolls of enchant weapon
 v - 4 scrolls of fog
 B - 5 scrolls of magic mapping
 I - 3 scrolls of butterflies
 U - 2 scrolls of fear
 Y - 10 scrolls of identify
Potions
 e - 3 potions of haste
 g - 17 potions of curing
 i - 5 potions of attraction
 k - 4 potions of heal wounds
 l - 4 potions of flight
 p - 6 potions of resistance
 x - 4 potions of lignification
 z - 2 potions of berserk rage
 A - 3 potions of brilliance
 D - 4 potions of cancellation
 E - 5 potions of might
 H - a potion of ambrosia
 L - 5 potions of mutation
 M - a potion of invisibility
 W - 2 potions of magic
Miscellaneous
 T - a phantom mirror


   Skills:
 + Level 8.4 Fighting
 - Level 2.4 Short Blades
 + Level 12.1 Dodging
 + Level 10.8 Stealth
 - Level 6.2 Shields
 + Level 13.7 Spellcasting
 * Level 10.7 Conjurations
 + Level 14.9 Necromancy
 - Level 3.3 Transmutations
 * Level 6.8 Fire Magic
 - Level 1.6 Air Magic
 + Level 15.0 Earth Magic
 - Level 10.1 Poison Magic
 + Level 5.7 Evocations


You had one spell level left.
You knew the following spells:

 Your Spells              Type           Power      Damage    Failure   Level
a - Sandblast             Erth           100%       2d20      0%          1
b - Passwall              Tmut/Erth      77%        N/A       1%          2
c - Stone Arrow           Conj/Erth      100%       3d13      1%          3
d - Petrify               Tmut/Erth      93%        N/A       1%          4
e - Poisonous Vapours     Pois/Air       100%       N/A       1%          2
f - Borgnjor's Vile Clut  Necr/Erth      57%        N/A       1%          5
g - Olgreb's Toxic Radia  Pois           97%        N/A       1%          4
h - Death Channel         Necr           56%        N/A       1%          6
i - Fireball              Conj/Fire      45%        3d18      1%          5
j - Arcjolt               Conj/Air       39%        1d49      5%          5
k - Lee's Rapid Deconstr  Erth           57%        3d26*     1%          5

Your spell library contained the following spells:

 Spells                   Type           Power      Damage    Failure   Level
 Necrotise                Necr           100%       1d9       0%          1
 Beastly Appendage        Tmut           100%       N/A       1%          1
 Foxfire                  Conj/Fire      100%       2x1d9     1%          1
 Sting                    Tmut/Pois      100%       1d8       1%          1
 Apportation              Tloc           70%        N/A       2%          1
 Freeze                   Ice            100%       1d10      2%          1
 Slow                     Hex            100%       N/A       2%          1
 Summon Small Mammal      Summ           100%       N/A       2%          1
 Vampiric Draining        Necr           100%       2d13      0%          3
 Wereblood                Tmut           63%        N/A       1%          2
 Hailstorm                Conj/Ice       75%        3d15      1%          3
 Spider Form              Tmut/Pois      82%        N/A       1%          3
 Volatile Blastmotes      Fire/Tloc      100%       2d18      1%          3
 Anguish                  Hex/Necr       42%        N/A       1%          4
 Fulminant Prism          Conj/Hex       37%        3d18      2%          4
 Iskenderun's Mystic Bla  Conj/Tloc      75%        2d15      2%          4
 Ensorcelled Hibernation  Hex/Ice        70%        N/A       3%          2
 Swiftness                Air            52%        N/A       3%          3
 Irradiate                Conj/Tmut      41%        3d25      3%          5
 Alistair's Intoxication  Tmut/Pois      54%        N/A       4%          5
 Vhi's Electric Charge    Tloc/Air       88%        N/A       5%          3
 Confusing Touch          Hex            35%        N/A       8%          3
 Frozen Ramparts          Ice            70%        1d11      8%          3
 Starburst                Conj/Fire      45%        6d13      11%         6
 Blade Hands              Tmut           31%        N/A       17%         5
 Cause Fear               Hex            17%        N/A       24%         4
 Manifold Assault         Tloc           35%        N/A       24%         4
 Eringya's Noxious Bog    Tmut/Pois      41%        N/A       24%         6
 Plasma Beam              Fire/Air       34%        2x1d52    54%         6
 Dispersal                Tloc           17%        N/A       98%         6
 Dragon Form              Tmut           31%        N/A       99%         7
 Enfeeble                 Hex            17%        N/A       100%        7
 Disjunction              Tloc           17%        N/A       100%        8
 Animate Dead             Necr           Unusable   N/A       N/A         4

Dungeon Overview and Level Annotations

Branches:
Dungeon (15/15)            Temple (0/1) D:5            Lair (5/5) D:8
  Swamp (4/4) Lair:2        Snake (2/4) Lair:3        Slime (0/5) Lair:4
    Orc (2/2) D:11            Elf (0/3) Orc:2        Vaults (0/5) D:13
 Depths (0/4) D:15        Ossuary (visited)

Altars:
Ashenzari
Cheibriados
Dithmenos
Fedhas
Gozag
Hepliaklqana
Makhleb
Okawaru
Qazlal
Ru
Sif Muna
Uskayaw
Vehumet
Wu Jian
Xom
Jiyva

Shops:
D:1 =   D:3 ?   D:10 =   D:12 *   D:13 *   D:14 =   Orc:2 ?=*[

Portals:
Pandemonium: Orc:2

Annotations:
Lair:2 3 runed translucent doors, MisterFreud's ghost, journeyman GnWn; NitroKuite's ghost, journeyman OpTm; Termiter's ghost, journeyman DsNe; diceflayer's ghost, journeyman DsHu; diceflayer's ghost, journeyman MiFi
Swamp:1 2 transporters, exclusion: orange crystal statue


Message History

You kill the salamander!
A glowing mist starts to gather...
The anaconda closely misses you. The anaconda constricts you.
The salamander hits you from afar with a +1 halberd!
You are engulfed in flames!
* * * LOW HITPOINT WARNING * * *
The salamander struggles to escape constriction.
The salamander shoots an arrow.
The arrow misses you. The anaconda bites you.
* * * LOW HITPOINT WARNING * * *
The anaconda constricts you.
* * * LOW HITPOINT WARNING * * *
The naga ritualist is distracted by your dazzling golden aura.
The naga ritualist shouts!
Your Earth Magic skill increases to level 15!
You feel much better.
The zombie hands constrict the salamander!!
You block the anaconda's attack. The anaconda constricts you.
* * * LOW HITPOINT WARNING * * *
The salamander escapes!
The salamander closely misses you.
The salamander shoots an arrow.
The arrow barely misses you.
The anaconda bites you but does no damage.
The anaconda constricts you.
Casting: Arcjolt (dangerous; 5% risk of failure)
Confirm with . or Enter, or press ? or * to list all spells.
Aiming: Stone Arrow (safe; 1% risk of failure)
Press: ? - help, Shift-Dir - straight line, f - anaconda
Aim: an anaconda (heavily wounded, constricting you, 61% to hit)
You feel a surge of power!
The stone arrow hits the anaconda!
The anaconda is severely wounded.
The anaconda bites you.
* * * LOW HITPOINT WARNING * * *
The anaconda constricts you.
* * * LOW HITPOINT WARNING * * *
The salamander hits your spectral salamander mystic with a +0 halberd!
Your spectral salamander mystic is engulfed in flames!
The salamander hits you from afar with a +1 halberd!
* * * LOW HITPOINT WARNING * * *
You are engulfed in flames!
You die...
Your body crumbles into a pile of gold.

###..######
###.........###
#.............#
##............#
#.........N...#
#.......N....#
#........$.S#
#.....)NZZ@.#
#...^....Z$.#..
##.......N.....#
#............###
#............##
#...........##
###......####
.......##
####..###


You could see 3 salamanders, an anaconda, a naga ritualist, a friendly spectral
anaconda, a friendly spectral salamander and a friendly spectral salamander
mystic.

Vanquished Creatures
  A thorn hunter (Swamp:1)
  Aizul (Swamp:3)
  Nessos (Lair:5)
  6 eleionomae
  A bunyip (Swamp:2)
  Snorg (D:14)
  2 ice dragons (D:15)
  A rakshasa (D:15)
  14 hydras
  2 demonspawn (Orc:2)
  7 vault guards (D:13)
  Erica (D:9)
  2 catoblepae
  2 two-headed ogres
  7 anacondas
  4 centaur warriors
  4 boulder beetles
  A naga warrior (Snake:1)
  6 death yaks
  7 alligators
  Urug (D:11)
  A shock serpent (Snake:2)
  4 orc high priests (Orc:2)
  3 tengu warriors
  3 naga sharpshooters (Snake:1)
  Nergalle (Lair:1)
  Sonja (Lair:1)
  5 goliath frogs
  A death drake (Swamp:4)
  A salamander mystic (Snake:2)
  2 skysharks
  3 sea snakes (Snake:1)
  2 spriggan druids
  7 bog bodies
  6 swamp dragons
  A lindwurm (Lair:2)
  The ghost of 0o0o the Shield-Bearer, a novice MiFi of Nemelex Xobeh (D:6)
  A naga ritualist (Snake:1)
  5 orc knights
  6 mana vipers
  7 orc sorcerers (Orc:2)
  A deep elf pyromancer (D:14)
  A will-o-the-wisp (Swamp:2)
  A wolf spider (Lair:5)
  An ugly thing (D:13)
  2 salamanders (Snake:2)
  A manticore (D:15)
  3 cyclopes
  21 slime creatures
  11 black mambas
  A guardian serpent (Lair:5)
  8 elephants
  4 naga magi (Snake:1)
  An orange demon (Orc:2)
  4 gargoyles
  2 torpor snails
  2 unseen horrors (D:12)
  11 cane toads
  8 unseen horror zombies (D:9)
  An efreet (D:14)
  2 rime drakes
  A kobold demonologist (D:12)
  Psyche (D:11)
  A freezing wraith (D:15)
  5 komodo dragons
  2 red devils (Orc:2)
  2 bloated husks
  A polar bear (shapeshifter) (D:15)
  A meliai (D:15)
  4 trolls
  4 hornets
  5 tyrant leeches
  Prince Ribbit (D:9)
  19 blink frogs
  A spriggan (Swamp:3)
  2 shadows
  3 wraiths
  11 wyverns
  25 yaks
  2 steam dragons (D:7)
  A basilisk (Lair:3)
  A chaos spawn (Orc:2)
  7 vampire mosquitoes
  9 swamp worms
  2 redbacks
  2 death yak simulacra (D:13)
  3 nagas
  21 water moccasins
  An acid dragon (D:9)
  3 swamp drakes
  5 ice beasts
  23 orc warriors
  A hornet zombie (Ossuary)
  4 black bears
  3 ogres
  7 wolves
  11 centaurs
  4 kobold brigands
  10 bullfrogs
  A water moccasin zombie (Ossuary)
  A gnoll sergeant (D:6)
  A two-headed ogre simulacrum (D:13)
  A cane toad simulacrum (D:13)
  3 wyvern zombies (Ossuary)
  4 scorpions
  8 wights (D:9)
  An elephant simulacrum (D:13)
  15 killer bees
  4 electric eels
  2 howler monkeys
  A crimson imp (D:4)
  3 bullfrog zombies (Ossuary)
  3 centaur zombies (Ossuary)
  2 hounds
  4 jellies
  20 orc priests
  2 gnoll boudas (D:6)
  6 hell rats (Lair:4)
  Terence (D:2)
  6 iguanas
  23 orc wizards
  A spriggan simulacrum (D:13)
  A troll simulacrum (D:13)
  2 killer bee zombies (Ossuary)
  20 mummies
  3 howler monkey zombies
  9 gnolls
  9 adders
  A naga simulacrum (D:13)
  A shadow imp (D:7)
  2 white imps
  3 worms
  6 dart slugs
  54 orcs
  12 endoplasms
  2 giant cockroaches
  3 goblins
  10 hobgoblins
  4 quokkas
  13 ball pythons
  6 bats
  5 frilled lizards
  24 kobolds
  11 rats
742 creatures vanquished.

Vanquished Creatures (collateral kills)
  2 bunyips
  A shambling mangrove (Swamp:4)
  A vault guard (D:13)
  An ogre mage (D:15)
  An anaconda (Snake:1)
  5 alligators
  A naga warrior (Snake:1)
  4 hydras
  An orc high priest (Orc:2)
  A sixfirhy (Orc:2)
  4 swamp dragons (Swamp:4)
  5 goliath frogs
  2 naga ritualists (Snake:1)
  A deep elf pyromancer (D:15)
  A mana viper (Snake:1)
  A will-o-the-wisp (Swamp:2)
  6 black mambas (Snake:1)
  An efreet (D:15)
  3 trolls
  3 tyrant leeches
  2 meliai (D:15)
  3 hornets (Swamp:4)
  A basilisk (D:15)
  A chaos spawn (Orc:2)
  3 swamp worms
  3 swamp drakes (Swamp:4)
  7 orc warriors
  3 ogres
  A centaur (D:13)
  2 kobold brigands (D:15)
  3 orc priests (Orc:2)
  A gnoll (Orc:2)
  6 orcs
81 creatures vanquished.

Vanquished Creatures (others)
  9 foxfires
  29 fungi
  45 plants
  8 withered plants
91 creatures vanquished.

Grand Total: 914 creatures vanquished

Notes
Turn   | Place    | Note
-------+----------+-------------------------------------------
     0 | D:1      | raph the Deep Elf Earth Elementalist began the quest for
                  | the Orb.
     0 | D:1      | Reached XP level 1. HP: 10/10 MP: 6/6
   165 | D:1      | Reached XP level 2. HP: 14/15 MP: 6/8
   173 | D:1      | Learned a level 2 spell: Passwall
   387 | D:1      | Reached skill level 4 in Earth Magic
   588 | D:1      | Found Nimpufov's One-of-a-Kind Rings.
   613 | D:1      | Reached XP level 3. HP: 19/19 MP: 7/10
   617 | D:1      | Learned a level 3 spell: Stone Arrow
  1310 | D:2      | Noticed Terence
  1318 | D:2      | Killed Terence
  1319 | D:2      | Reached XP level 4. HP: 13/24 MP: 0/12
  1827 | D:2      | Reached skill level 5 in Earth Magic
  1970 | D:3      | Found a hazy altar of Hepliaklqana.
  2131 | D:3      | Identified the +3 leather armour of the Farmer {Rampage rC+
                  | Str+5}
  2241 | D:3      | Found Foet's Magic Scroll Shoppe.
  2249 | D:3      | Bought a scroll of identify for 22 gold pieces
  2251 | D:3      | Bought a scroll of identify for 22 gold pieces
  2539 | D:3      | Learned a level 4 spell: Petrify
  2596 | D:3      | Found an opulent altar of Gozag.
  2606 | D:3      | Became a worshipper of Gozag Ym Sagoz the Greedy
  2618 | D:3      | Reached XP level 5. HP: 24/28 MP: 11/13
  3276 | D:4      | Found a snail-covered altar of Cheibriados.
  3322 | D:4      | Reached skill level 5 in Spellcasting
  3485 | D:4      | Found a broken altar of Ashenzari.
  3518 | D:4      | Learned a level 2 spell: Poisonous Vapours
  3889 | D:4      | Reached skill level 6 in Earth Magic
  3894 | D:4      | Reached XP level 6. HP: 28/33 MP: 7/15
  4049 | D:4      | Reached skill level 1 in Poison Magic
  4295 | D:4      | Found a radiant altar of Vehumet.
  4296 | D:4      | Found a burning altar of Makhleb.
  4298 | D:4      | Reached skill level 1 in Fighting
  4420 | D:5      | Entered Level 5 of the Dungeon
  4427 | D:5      | Found a blossoming altar of Fedhas.
  4594 | D:5      | Found a shadowy altar of Dithmenos.
  4612 | D:5      | Found a large runed translucent door.
  4613 | D:5      | Found a large runed translucent door.
  4627 | D:5      | Reached XP level 7. HP: 38/38 MP: 12/17
  4912 | D:5      | Found a sacrificial altar of Ru.
  4996 | D:5      | Identified the +0 robe of Narrow Satisfaction {-Cast
                  | Rampage rN++ Stlth+}
  4997 | D:5      | Found a staircase to the Ecumenical Temple.
  5166 | D:5      | Found a shimmering blue altar of Sif Muna.
  5212 | D:5      | Found a shimmering altar of Xom.
  5387 | D:6      | Found an ornate altar of the Wu Jian Council.
  5439 | D:6      | Reached skill level 7 in Earth Magic
  5574 | D:6      | Reached XP level 8. HP: 42/44 MP: 3/19
  5788 | D:6      | Found a sand-covered staircase.
  5794 | Ossuary  | Entered an ossuary
  5852 | Ossuary  | Learned a level 5 spell: Borgnjor's Vile Clutch
  5980 | Ossuary  | Reached skill level 1 in Necromancy
  6124 | Ossuary  | Reached skill level 8 in Earth Magic
  6642 | Ossuary  | Reached skill level 5 in Dodging
  6715 | Ossuary  | Reached XP level 9. HP: 18/49 MP: 0/21
  7262 | D:6      | Found a runed translucent gate.
  7262 | D:6      | Found a runed translucent gate.
  7262 | D:6      | Found a runed translucent gate.
  7266 | D:6      | Noticed 0o0o's ghost (novice MiFi)
  7344 | D:6      | Identified the +7 flail of Cowardice {pain, SInv Stlth+}
  7570 | D:6      | Reached skill level 5 in Poison Magic
  7875 | D:6      | Learned a level 4 spell: Olgreb's Toxic Radiance
  8013 | D:7      | Identified the +1 chain mail "Ulunidgh" {Rampage *Slow
                  | rC+++ Str+3}
  8254 | D:7      | Identified a scroll of acquirement
  8254 | D:7      | Acquired the +3 buckler "Ibem" {rPois SInv}
  8291 | D:7      | Reached skill level 5 in Necromancy
  8478 | D:7      | Reached skill level 9 in Earth Magic
  8654 | D:7      | Reached skill level 1 in Shields
  8977 | D:7      | Identified the +4 dagger "Lopis" {vamp, *Corrode rPois
                  | MP+9}
  9466 | D:8      | Noticed a rime drake
  9468 | D:8      | Reached XP level 10. HP: 41/56 MP: 17/23
  9653 | D:8      | Found a staircase to the Lair.
  9907 | D:8      | Found a shimmering altar of Xom.
 10097 | D:8      | Found a stormy altar of Qazlal.
 10419 | D:9      | Reached skill level 1 in Conjurations
 10585 | D:9      | Reached skill level 10 in Earth Magic
 10869 | D:9      | Noticed Erica
 10876 | D:9      | Killed Erica
 10973 | D:9      | Noticed Prince Ribbit
 10981 | D:9      | Killed Prince Ribbit
 11071 | D:9      | Found a hide-covered altar of Uskayaw.
 11117 | D:9      | Found an iron altar of Okawaru.
 11152 | D:9      | Reached XP level 11. HP: 23/62 MP: 18/25
 12079 | Lair:1   | Entered Level 1 of the Lair of Beasts
 12346 | Lair:1   | Noticed Nergalle
 12351 | Lair:1   | Killed Nergalle
 12426 | Lair:1   | Noticed Sonja
 12430 | Lair:1   | Killed Sonja
 12563 | Lair:1   | Reached skill level 11 in Earth Magic
 12832 | Lair:1   | Reached skill level 5 in Fighting
 13865 | Lair:2   | Found a runed translucent gate.
 13865 | Lair:2   | Found a runed translucent gate.
 13877 | Lair:2   | Reached skill level 1 in Short Blades
 13970 | Lair:2   | Found a runed translucent gate.
 13977 | Lair:2   | Noticed NitroKuite's ghost (journeyman OpTm)
 13977 | Lair:2   | Noticed MisterFreud's ghost (journeyman GnWn)
 13978 | Lair:2   | Noticed Termiter's ghost (journeyman DsNe)
 13978 | Lair:2   | Noticed diceflayer's ghost (journeyman MiFi)
 13979 | Lair:2   | Noticed diceflayer's ghost (journeyman DsHu)
 14228 | Lair:2   | Noticed a bog body
 14231 | Lair:2   | Killed a bog body
 14232 | Lair:2   | Reached XP level 12. HP: 68/68 MP: 27/27
 14265 | Lair:2   | Found a staircase to the Swamp.
 14623 | Lair:2   | Noticed a boulder beetle
 14636 | Lair:2   | Killed a boulder beetle
 15133 | Lair:3   | Reached skill level 10 in Necromancy
 15266 | Lair:3   | Found a staircase to the Snake Pit.
 15279 | Lair:3   | Reached skill level 10 in Spellcasting
 15479 | Lair:3   | Identified the +5 robe "Plog" {rElec Will++ Slay-5
                  | Archmagi}
 15592 | Lair:3   | Noticed a seven-headed hydra
 15610 | Lair:3   | Reached skill level 12 in Earth Magic
 15614 | Lair:3   | Killed a seven-headed hydra
 15615 | Lair:3   | Reached skill level 5 in Conjurations
 15994 | Lair:3   | Noticed a five-headed hydra
 16000 | Lair:3   | Killed a five-headed hydra
 16001 | Lair:3   | Reached skill level 5 in Stealth
 16082 | Lair:3   | Noticed an eight-headed hydra
 16090 | Lair:3   | Killed an eight-headed hydra
 16473 | Lair:4   | Noticed an eight-headed hydra
 16486 | Lair:4   | Killed an eight-headed hydra
 16487 | Lair:4   | Reached XP level 13. HP: 74/74 MP: 22/29
 16632 | Lair:4   | Found a viscous altar of Jiyva.
 16632 | Lair:4   | Found a staircase to the Slime Pits.
 16868 | Lair:4   | Identified the +0 ring mail of Zuixo {Harm rPois Int-4}
 18097 | Lair:5   | Entered Level 5 of the Lair of Beasts
 18097 | Lair:5   | Noticed Nessos
 18105 | Lair:5   | Killed Nessos
 19000 | Lair:5   | Reached skill level 5 in Shields
 19007 | Lair:5   | Reached skill level 13 in Earth Magic
 20466 | Lair:5   | Reached XP level 14. HP: 80/80 MP: 19/31
 20861 | D:9      | Learned a level 6 spell: Death Channel
 20872 | D:10     | Entered Level 10 of the Dungeon
 21815 | D:10     | Found Uhuts's Jewellery Shoppe.
 21823 | D:10     | Bought the amulet "Arepap" {Reflect +Inv SH+5 Stlth+} for
                  | 702 gold pieces
 22257 | D:11     | Learned a level 3 spell: Swiftness
 22329 | D:11     | Noticed Psyche
 22332 | D:11     | Killed Psyche
 22722 | D:11     | Found a staircase to the Orcish Mines.
 22775 | D:11     | Noticed Urug
 22782 | D:11     | Killed Urug
 23138 | Orc:1    | Entered Level 1 of the Orcish Mines
 23368 | Orc:2    | Entered Level 2 of the Orcish Mines
 23401 | Orc:2    | Found Tunkay's Magic Scroll Shop.
 23740 | Orc:2    | Found Ownem's General Store.
 23794 | Orc:2    | Reached skill level 10 in Dodging
 24211 | Orc:2    | Found Hojaezyo's Antique Armour Emporium.
 24211 | Orc:2    | Found Zonnemn's Jewellery Shoppe.
 24212 | Orc:2    | Found a one-way gate leading to the halls of Pandemonium.
 24215 | Orc:2    | Bought a glowing helmet for 142 gold pieces
 24293 | Orc:2    | Bought a scroll of teleportation for 45 gold pieces
 24460 | Orc:2    | Found a staircase to the Elven Halls.
 25433 | Orc:1    | Reached skill level 14 in Earth Magic
 27217 | D:12     | Found Boiz's Assorted Antiques.
 27223 | D:12     | Bought a potion of heal wounds for 155 gold pieces
 27223 | D:12     | Bought a potion of resistance for 310 gold pieces
 27223 | D:12     | Bought a potion of curing for 93 gold pieces
 27223 | D:12     | Bought a phantom mirror for 1240 gold pieces
 27523 | D:13     | Found a frozen archway.
 27905 | D:13     | Found Emiedd's Gadget Gallery.
 27914 | D:13     | Bought a box of beasts for 640 gold pieces
 27969 | D:13     | Found a gate to the Vaults.
 27983 | D:13     | Reached skill level 1 in Evocations
 27983 | D:13     | Reached XP level 15. HP: 86/86 MP: 11/33
 29058 | D:14     | Found Okhixara's Jewellery Shop.
 30029 | D:14     | Noticed Snorg
 30033 | D:14     | Killed Snorg
 30427 | D:15     | Entered Level 15 of the Dungeon
 30477 | D:15     | Reached skill level 10 in Poison Magic
 30477 | D:15     | Found a staircase to the Depths.
 31432 | D:15     | Found a snail-covered altar of Cheibriados.
 31900 | Swamp:1  | Entered Level 1 of the Swamp
 31900 | Swamp:1  | Found a transporter.
 31907 | Swamp:1  | Learned a level 5 spell: Arcjolt
 31908 | Swamp:1  | Noticed a tentacled monstrosity
 31910 | Swamp:1  | Noticed a thorn hunter
 31910 | Swamp:1  | Noticed a tentacled monstrosity
 31985 | Swamp:1  | Noticed a thorn hunter
 31987 | Swamp:1  | Found a transporter.
 32261 | Swamp:1  | Learned a level 5 spell: Fireball
 32306 | Swamp:1  | Reached skill level 1 in Air Magic
 32488 | Swamp:1  | Noticed a thorn hunter
 32496 | Swamp:1  | Killed a thorn hunter
 32500 | Swamp:1  | Reached skill level 1 in Fire Magic
 34423 | Swamp:3  | Reached XP level 16. HP: 52/92 MP: 9/34
 35314 | Swamp:3  | Noticed Aizul
 35324 | Swamp:3  | Killed Aizul
 35348 | Swamp:3  | Acquired a +0 pair of gloves of strength
 35554 | Swamp:3  | Acquired 1148 gold pieces
 35558 | Swamp:4  | Entered Level 4 of the Swamp
 36053 | Swamp:4  | Reached skill level 10 in Stealth
 36771 | Swamp:4  | Reached skill level 5 in Fire Magic
 37035 | Swamp:4  | Identified the +13 chain mail of the Untouchables {Will+
                  | Stlth+}
 37401 | Swamp:4  | Reached skill level 5 in Evocations
 37424 | Swamp:4  | Got a decaying rune of Zot
 37437 | Swamp:4  | Reached skill level 10 in Conjurations
 37954 | D:5      | Identified the +8 flail of the Jester {venom, rF- rN+ Int+3
                  | Dex+3}
 38086 | D:6      | Killed 0o0o's ghost
 38381 | Snake:1  | Entered Level 1 of the Snake Pit
 40443 | Snake:2  | Reached XP level 17. HP: 99/99 MP: 36/36
 40518 | Snake:2  | Learned a level 5 spell: Lee's Rapid Deconstruction
 40885 | Snake:2  | Reached skill level 15 in Earth Magic
 40886 | Snake:2  | HP: 3/99 [salamander/+1 halberd (16)]
 40886 | Snake:2  | Mangled by a salamander

Illustrated notes

Levels and vault maps discovered:
D:1:      psy_arrival_spokes, layout_loops_ring,
          hangedman_decor_clover_reticule, nicolae_shop_unique_rings
D:2:      layout_loops_ring, nrook_loot_triangle, uniq_terence
D:3:      layout_basic, nicolae_gozag_seed_capital, mainiacjoe_overflow_paths,
          serial_shops, shop, st_stairs_3
D:4:      layout_basic, grunt_temple_overflow_lords_of_destruction,
          cheibrodos_ashenzari_chains, lemuel_tele_altar,
          minmay_fractal_squares_gapless_5
D:5:      due_chaos_kobolds, layout_rooms, overflow_temple_1_default,
          pf_just_have_faith, mainiacjoe_overflow_alcove_1, led_sif_pool,
          minmay_temple_entry_crystal_x
D:6:      layout_gridville, nzn_wu_jian_contemplation,
          gup_ossuary_entry_pyramid, gammafunk_ghost_split, dk_noncrumbling_4,
          roderic_lattice_a
D:7:      layout_basic, minivault_19, hangedman_glass_teeth
D:8:      layout_basic, lemuel_crystal_altar, lemuel_doored_altar,
          hellmonk_lair_entry_icy, serial_bayou_ford_a
D:9:      nicolae_cairo_tiling_very_big, layout_cave_pods,
          mainiacjoe_overflow_small_starburst, nicolae_uskayaw_dance_hall,
          serial_undead, serial_undead_f, serial_undead_c, serial_undead_f,
          serial_undead_e, serial_undead_a, serial_undead_f, serial_undead_b,
          uniq_erica, uniq_prince_ribbit1
D:10:     layout_grid_maze, serial_shops, shop
D:11:     layout_basic, orc_0_dummy, uniq_urug, uniq_psyche
D:12:     layout_loops_corners, serial_shops, nicolae_shop_overgrown_old_shop,
          nicolae_two_hexagons
D:13:     layout_loops_ring, erik_vaults_2, portal_ice_cave_entry_ice_simulacra,
          nicolae_shop_gadgets
D:14:     layout_basic, serial_shops, shop, uniq_snorg
D:15:     grunt_enter_depths_hoard, layout_long_grid, cheibriados_altar_1,
          minmay_unpleasant_kobolds
Lair:1:   layout_roguey, lemuel_another_geyser, grunt_megastairs_4, uniq_sonja,
          uniq_nergalle
Lair:2:   layout_cave_shapes, nicolae_swamp_entry_splash_gauntlet,
          gammafunk_ghost_cemetery
Lair:3:   layout_chaotic_city, guppyfry_snake_entry_garden
Lair:4:   layout_cave_pods, nicolae_slime_entry_slimehenge
Lair:5:   hangedman_lair_tendril_chambers, layout_concentric_octagons,
          uniq_nessos
Swamp:1:  gammafunk_sealed_arena, layout_basic_swamp,
          evilmike_swamp_ruin_house_4
Swamp:2:  nicolae_swamp_ascending_descending, layout_falls_marsh,
          nicolae_swamp_tree_isthmus
Swamp:3:  layout_basic_swamp, hangedman_swamp_ruin_hall, swamp_pool1, uniq_aizul
Swamp:4:  swamp_basic_johnstein, layout_basic_swamp, nicolae_swamp_oxbows
Snake:1:  nicolae_snake_attic_fulla_snakes, layout_gridlike, grunt_ministairs_3,
          serial_bayou_shore_a
Snake:2:  layout_cave_pods, nicolae_snake_omega, uniq_mlioglotl, uniq_vashnia
Orc:1:    layout_diamond_mine, minmay_orc_temple_a
Orc:2:    pf_orc_diabolical, layout_caves

Skill      XL: |  1  2  3  4  5  6  7  8  9 10 11 12 13 14 15 16 17 |
---------------+----------------------------------------------------+-----
Earth Magic    | 4 5 6 7 8 9 10 11 12 13 14 15 | 15.0
Spellcasting   | 4 5 6 7 8 9 10 11 12 13 | 13.7
Dodging        | 3 4 5 6 7 8 9 10 11 12 | 12.1
Transmutations | 2 3 |  3.3
Poison Magic   | 2 3 4 5 6 7 8 9 10 | 10.1
Fighting       | 1 2 3 4 5 6 7 8 |  8.4
Necromancy     | 3 6 7 9 10 12 13 14 | 14.9
Shields        | 1 2 3 4 5 6 |  6.2
Conjurations   | 2 4 5 6 7 8 10 | 10.7
Stealth        | 3 5 6 8 9 10 | 10.8
Short Blades   | 1 2 |  2.4
Evocations     | 1 3 5 |  5.7
Air Magic      | 1 |  1.6
Fire Magic     | 3 6 |  6.8

Action                     |  1- 3 |  4- 6 |  7- 9 | 10-12 | 13-15 | 16-18 || total
---------------------------+-------+-------+-------+-------+-------+-------++-------
  Melee: Dagger            |       |     3 |    25 |    93 |    69 |    12 ||   202
         Unarmed           |       |       |     3 |       |       |       ||     3
         Punch             |       |       |     1 |       |       |       ||     1
         Flail             |       |       |     7 |       |       |       ||     7
   Cast: Sandblast         |    49 |    54 |    78 |    19 |    40 |    12 ||   252
         Passwall          |     1 |     3 |     3 |       |     1 |       ||     8
         Stone Arrow       |     1 |    26 |    84 |   111 |   312 |   104 ||   638
         Poisonous Vapours |       |     2 |    10 |     5 |     1 |       ||    18
         Borgnjor's Vile C |       |       |    14 |    46 |   129 |    58 ||   247
         Petrify           |       |       |     1 |     1 |     5 |       ||     7
         Olgreb's Toxic Ra |       |       |     9 |    38 |    83 |       ||   130
         Death Channel     |       |       |       |       |    26 |    12 ||    38
         Swiftness         |       |       |       |       |     1 |       ||     1
         Fireball          |       |       |       |       |    10 |    27 ||    37
         Arcjolt           |       |       |       |       |     1 |     7 ||     8
 Invoke: Potion Petition   |       |       |       |       |     1 |       ||     1
  Evoke: Wand              |       |       |       |     1 |    14 |     1 ||    16
    Use: Scroll            |     6 |     8 |     8 |     5 |     7 |     7 ||    41
         Potion            |       |       |     2 |       |     3 |     3 ||     8
   Stab: Sleeping          |       |     2 |       |       |     4 |     1 ||     7
         Distracted        |       |       |       |     1 |     2 |       ||     3
 Armour: Robe              |     3 |     1 |       |     5 |    84 |    34 ||   127
         Leather armour    |       |    11 |    60 |    47 |       |       ||   118
  Dodge: Dodged            |    12 |    13 |    97 |   121 |   194 |    71 ||   508
  Block: Buckler           |       |       |     6 |    58 |   163 |    89 ||   316
         Reflection        |       |       |       |       |    15 |     9 ||    24
